 Dungeon Crawl Stone Soup version 0.31.0-12-g77e489cdc1 (webtiles) character file.

Game seed: 11393718463353383796

5606 Curundu the Cleaver (level 10, -4/88 HPs)
             Began as a Minotaur Berserker on Mar 7, 2024.
             Was a Priest of Trog.
             Slain by a troll (7 damage)
             ... on level 9 of the Dungeon on Mar 8, 2024.
             The game lasted 00:22:49 (6858 turns).

Curundu the Cleaver (Minotaur Berserker)            Turns: 6858, Time: 00:22:50

Health: -4/88      AC: 17    Str: 26    XL:     10   Next: 45%
Magic:  9/9        EV:  9    Int:  4    God:    Trog [***...]
Gold:   483        SH:  4    Dex: 10    Spells: 9/9 levels left

rFire   . . .        a - +1 hand axe
rCold   . . .        y - +0 buckler
rNeg    . . .        v - +0 plate armour
rPois   .            (helmet restricted)
rElec   .            o - +2 cloak
rCorr   .            p - +1 pair of gloves
SInv    .            (no boots)
Will    .....        (no amulet) Stlth
                     (no ring)
HPRegen 0.34/turn    (no ring)
MPRegen 0.11/turn

%: no passive effects
@: on berserk cooldown
A: horns 2, retaliatory headbutt
a: Renounce Religion, Berserk, Trog's Hand


You were on level 9 of the Dungeon.
You worshipped Trog.
Trog was most pleased with you.
You visited 1 branch of the dungeon, and saw 9 of its levels.

You collected 483 gold pieces.

Inventory:

Hand Weapons
 a - a +1 hand axe (weapon)
 n - a +3 quarterstaff of chaos
 s - a +1 long sword of flaming
 B - a +0 war axe
Missiles
 g - 2 silver javelins (quivered)
 l - 9 javelins
Armour
 o - a +2 cloak (worn)
 p - a +1 pair of gloves (worn)
 v - a +0 plate armour (worn)
 y - a +0 buckler (worn)
Jewellery
 q - a ring of ice
 w - an amulet of the acrobat
Wands
 i - a wand of digging (5)
 t - a wand of flame (15)
 z - a wand of quicksilver (10)
Scrolls
 e - a scroll of enchant armour
 j - a scroll of identify
 m - 2 scrolls of poison
 r - a scroll of vulnerability
 u - a scroll of teleportation
 x - a scroll of fear
Potions
 b - a potion of lignification {unknown}
 c - 3 potions of mutation
 d - 2 potions of enlightenment
 f - a potion of magic
 h - 2 potions of attraction
 k - 2 potions of curing
 A - a potion of haste {unknown}


   Skills:
 + Level 8.3 Fighting
 * Level 10.1 Axes
 - Level 9.3 Staves
 * Level 5.4 Armour
 + Level 7.7 Dodging
 - Level 2.4 Stealth
 * Level 4.0 Shields


You had 9 spell levels left.
You didn't know any spells.
Your spell library was empty.

Dungeon Overview and Level Annotations

Branches:
Dungeon (9/15)             Temple (0/1) D:4
   Lair: D:8-11         Orc: D:9-12

Altars:
Makhleb
Nemelex Xobeh
Okawaru
Uskayaw
Vehumet
Wu Jian
Xom
Zin
The Shining One

Shops:
D:8 ?

Annotations:
D:7 Jeremiah


Innate Abilities, Weirdness & Mutations

You have a pair of horns on your head.
You reflexively headbutt those who attack you in melee.


Message History

A yak comes into view.
The troll bites you but does no damage. The troll barely misses you.
You block the troll's attack.
The yak bellows!
You hit the troll but do no damage.
The troll is moderately wounded.
You hit the bullfrog. The bullfrog barely misses you. The troll bites you.
The troll claws you but does no damage. The troll misses you.
The bullfrog closely misses you. You furiously retaliate!
You headbutt the bullfrog!
You kill the bullfrog!
Trog accepts your kill.
You hit the troll.
The troll is heavily wounded.
The troll closely misses you. The troll claws you but does no damage.
The troll claws you!
* * * LOW HITPOINT WARNING * * *
You hit the troll.
The troll is heavily wounded.
The troll bites you but does no damage. You block the troll's attack.
The troll barely misses you. The troll bites you.
* * * LOW HITPOINT WARNING * * *
The troll claws you but does no damage. The troll claws you.
* * * LOW HITPOINT WARNING * * *
The troll bites you.
* * * LOW HITPOINT WARNING * * *
The troll claws you but does no damage. The troll claws you.
* * * LOW HITPOINT WARNING * * *
The troll barely misses you. The troll claws you.
* * * LOW HITPOINT WARNING * * *
The troll closely misses you.
Things that are here:
a +0 whip; 6 datura-tipped darts; a gnoll corpse A yak comes into view.
You feel yourself speed up. You block the troll's attack.
The troll barely misses you. The troll closely misses you.
The yak attacks as it pursues you! You block the yak's attack.
The troll attacks as it pursues you! The troll bites you!
You die...

##.......................
#........................
##.#.#...................
#####..................<
##.................. ###
##)†...............
##.####))†...............
#...##..)...)))..........
##....(..@Y..)...Y.......
##.##....T..)...........
####.<#........#.......
#...##...#...........
##.##...####.....#...
#...#...# #...####..
##.###.## #...# .. ###
### ##.##


You could see a yak and a troll.

Vanquished Creatures
  A two-headed ogre (D:8)
  Pikel (D:8)
  Maurice (D:8)
  The ghost of seawaffle the Changeling, a novice DrSh (D:5)
  Grinder (D:4)
  Sigmund (D:2)
  A shadow (D:7)
  2 steam dragons
  Edmund (D:6)
  Menkaure (D:5)
  A water moccasin (D:6)
  An orc warrior (D:8)
  2 ice beasts
  5 sky beasts
  3 centaurs
  A phantom (D:6)
  3 bullfrogs
  A gnoll sergeant (D:9)
  2 scorpions (D:5)
  10 wights
  3 killer bees (D:9)
  A jelly (D:8)
  7 hounds
  3 orc priests
  Crazy Yiuf (D:2)
  5 orc wizards
  9 gnolls
  5 adders
  2 white imps
  2 ufetubi (D:6)
  4 dart slugs
  6 ribbon worms
  16 orcs
  7 ball pythons
  9 endoplasms
  6 giant cockroaches
  6 goblins
  9 hobgoblins
  6 quokkas
  7 bats
  5 frilled lizards
  6 kobolds
  9 rats
174 creatures vanquished.

Vanquished Creatures (others)
  A kobold zombie (D:3)
1 creature vanquished.

Grand Total: 175 creatures vanquished

Notes
Turn   | Place    | Note
-------+----------+-------------------------------------------
     0 | D:1      | Curundu the Minotaur Berserker began the quest for the Orb.
     0 | D:1      | Reached XP level 1. HP: 19/19 MP: 0/0
    62 | D:1      | Reached skill level 4 in Axes
   120 | D:1      | Reached XP level 2. HP: 27/27 MP: 1/1
   301 | D:1      | Reached ** piety under Trog
   305 | D:1      | Reached XP level 3. HP: 29/33 MP: 2/2
   309 | D:1      | Noticed a shining eye
   321 | D:1      | Noticed a shining eye
   322 | D:1      | Found a faded altar of an unknown god.
   327 | D:1      | Noticed a great orb of eyes
   328 | D:1      | Noticed a golden eye
   846 | D:2      | Noticed Sigmund
   861 | D:2      | Killed Sigmund
   862 | D:2      | Reached skill level 5 in Fighting
   862 | D:2      | Reached skill level 6 in Axes
   862 | D:2      | Reached XP level 4. HP: 10/42 MP: 3/3
   862 | D:2      | Reached XP level 5. HP: 11/48 MP: 4/4
   983 | D:2      | Found a runed translucent door.
   984 | D:2      | Noticed Crazy Yiuf
   989 | D:2      | Killed Crazy Yiuf
  1068 | D:2      | Found a radiant altar of Vehumet.
  1540 | D:3      | Reached XP level 6. HP: 56/56 MP: 5/5
  1687 | D:3      | Found an ornate altar of the Wu Jian Council.
  2201 | D:4      | Reached *** piety under Trog
  2202 | D:4      | Reached skill level 1 in Staves
  2328 | D:4      | Noticed an ice beast
  2340 | D:4      | Killed an ice beast
  2507 | D:4      | Found a staircase to the Ecumenical Temple.
  2637 | D:4      | Noticed Grinder
  2647 | D:4      | Killed Grinder
  2648 | D:4      | Reached skill level 1 in Stealth
  2648 | D:4      | Reached XP level 7. HP: 42/62 MP: 6/6
  2779 | D:4      | Found an iron altar of Okawaru.
  2780 | D:4      | Found a sparkling altar of Nemelex Xobeh.
  2889 | D:5      | Entered Level 5 of the Dungeon
  2993 | D:5      | Found a transporter.
  2994 | D:5      | Noticed seawaffle's ghost (novice DrSh)
  3154 | D:5      | Found a transporter.
  3302 | D:5      | Reached skill level 5 in Staves
  3405 | D:5      | Noticed Menkaure
  3409 | D:5      | Killed Menkaure
  3410 | D:5      | Reached XP level 8. HP: 69/70 MP: 7/7
  3782 | D:5      | Killed seawaffle's ghost
  3783 | D:5      | Reached skill level 5 in Dodging
  3861 | D:6      | Noticed Edmund
  3874 | D:6      | Killed Edmund
  4145 | D:6      | Reached XP level 9. HP: 75/78 MP: 8/8
  4820 | D:7      | Reached skill level 1 in Shields
  5263 | D:7      | Reached skill level 7 in Axes
  5560 | D:7      | Noticed Jeremiah
  5642 | D:8      | Found a glowing silver altar of Zin.
  5788 | D:8      | Found a glowing golden altar of the Shining One.
  5833 | D:8      | Noticed Pikel
  5849 | D:8      | Killed Pikel
  5850 | D:8      | Reached skill level 8 in Axes
  5969 | D:8      | Noticed a two-headed ogre
  5984 | D:8      | Reached XP level 10. HP: 88/88 MP: 9/9
  5984 | D:8      | Killed a two-headed ogre
  5985 | D:8      | Reached skill level 9 in Axes
  6147 | D:8      | Found a burning altar of Makhleb.
  6165 | D:8      | Reached skill level 5 in Armour
  6208 | D:8      | Noticed Maurice
  6214 | D:8      | Maurice stole a +3 quarterstaff of chaos
  6215 | D:8      | Maurice stole 222 gold
  6220 | D:8      | Killed Maurice
  6325 | D:8      | Found a shimmering altar of Xom.
  6381 | D:8      | Found a hide-covered altar of Uskayaw.
  6633 | D:8      | Found Fokill's Magic Scroll Boutique.
  6838 | D:9      | Reached skill level 10 in Axes
  6854 | D:9      | HP: 2/88 [troll (4)]
  6858 | D:9      | Slain by a troll

Illustrated notes

Levels and vault maps discovered:
D:1:      minmay_arrival_stair_chambers, layout_rooms,
          hellmonk_ecumenical_altar_watching_god
D:2:      layout_loops_corners, basic_altar, uniq_crazy_yiuf_cottage,
          uniq_sigmund
D:3:      layout_loops_ring, nzn_wu_jian_council_hall, minmay_mini_jars
D:4:      layout_rooms, nicolae_overflow_hidden_temple, temple_doors_cd,
          uniq_grinder
D:5:      layout_basic, gammafunk_ghost_arena, uniq_menkaure
D:6:      hellmonk_destroyed_diamonds, layout_rooms, grunt_ministairs_3,
          uniq_edmund
D:7:      layout_loops_cross, serial_rivers, chequers_serial_rivers_room_b,
          chequers_serial_rivers_small_b, chequers_serial_rivers_large_b,
          chequers_serial_rivers_micro_d, uniq_jeremiah
D:8:      layout_cave_pools, mainiacjoe_overflow_brackets, kennysheep_mini_moat,
          bloody_makhleb, mainiacjoe_overflow_catwalk_spiral, serial_shops,
          shop, uniq_pikel, uniq_maurice
D:9:      layout_cross, erik_lair_island, minmay_crystal_water

Skill      XL: |  1  2  3  4  5  6  7  8  9 10 |
---------------+-------------------------------+-----
Axes           | 4 6 8 10 | 10.1
Fighting       | 4 5 6 7 8 |  8.3
Armour         | 3 4 5 |  5.4
Dodging        | 3 4 6 7 |  7.7
Staves         | 4 5 8 9 |  9.3
Stealth        | 1 2 |  2.4
Shields        | 3 4 |  4.0

Action                     |  1- 3 |  4- 6 |  7- 9 | 10-12 || total
---------------------------+-------+-------+-------+-------++-------
  Melee: Hand axe          |    90 |       |    77 |    64 ||   231
         Headbutt          |    15 |    15 |    28 |     7 ||    65
         Punch             |     1 |       |       |       ||     1
         Quarterstaff      |       |    83 |    90 |       ||   173
 Invoke: Trog's Hand       |     1 |     3 |     4 |     2 ||    10
         Berserk           |     1 |     1 |     6 |     2 ||    10
    Use: Scroll            |       |       |    13 |       ||    13
 Armour: Animal skin       |    58 |    65 |   143 |    20 ||   286
         Plate armour      |       |       |       |    56 ||    56
  Dodge: Dodged            |    53 |    58 |   128 |    56 ||   295
  Block: Buckler           |       |       |    15 |    26 ||    41
